 Dungeon Crawl Stone Soup version 0.19.1-1-g22dce08 (webtiles) character file.

44 Kiturien the Stinger (level 3, -1/22 HPs)
             Began as an Octopode Venom Mage on Jan 17, 2017.
             Slain by a worm (8 damage)
             ... on level 2 of the Dungeon.
             The game lasted 00:04:30 (1243 turns).

Kiturien the Stinger (Octopode Venom Mage)          Turns: 1243, Time: 00:04:31

Health: -1/22      AC:  1    Str:  8    XL:     3   Next: 60%
Magic:  6/6        EV: 13    Int: 17    God:
Gold:   35         SH:  0    Dex: 12    Spells: 1 memorised, 5 levels left

rFire  . . .     SeeInvis .     d - +0 hand axe (elec)
rCold  . . .     Gourm    .     (no shield)
rNeg   . . .     Faith    .     (helmet restricted)
rPois  +         Spirit   .     (no amulet)
rElec  +         Reflect  .     e - ring of poison resistance
rCorr  .         Harm     .     (no ring)
MR     .....                    (no ring)
Stlth  +++.......               (no ring)
                                (no ring)
                                (no ring)
                                (no ring)
                                (no ring)

@: no status effects
A: almost no armour, stealthy swim, amphibious, 8 rings, constrict 8, camouflage
1, electricity resistance, gelatinous body 1
a: no special abilities


You were on level 2 of the Dungeon.
You were not hungry.

You visited 1 branch of the dungeon, and saw 2 of its levels.

You collected 35 gold pieces.

Inventory:

Hand Weapons
 d - a +0 hand axe of electrocution (weapon)
 k - a cursed -3 whip
Jewellery
 e - a ring of poison resistance (left tentacle)
Scrolls
 c - a scroll of magic mapping {unknown}
 f - a scroll of amnesia {unknown}
 h - 2 scrolls of random uselessness {unknown}
 j - a scroll of recharging {unknown}
 n - a scroll of noise {unknown}
 o - a scroll of remove curse {unknown}
Potions
 b - a potion of agility {unknown}
 g - a potion of heal wounds
 i - a potion of ambrosia
 l - a potion of haste {unknown}
 m - a potion of flight {unknown}
 p - a potion of cure mutation {unknown}
Books
 a - a Young Poisoner's Handbook

   Spells                             Type                      Level
   a - Sting                          Conjuration/Poison           1
   b - Mephitic Cloud                 Conjuration/Poison/Air       3
   c - Olgreb's Toxic Radiance        Poison                       4
   d - Alistair's Intoxication        Transmutation/Poison         5
   e - Venom Bolt                     Conjuration/Poison           5


   Skills:
 * Level 0.4 Fighting
 * Level 0.4 Axes
 * Level 2.2 Dodging
 * Level 3.7 Stealth
 * Level 2.1 Spellcasting
 * Level 5.4 Poison Magic


You had 5 spell levels left.
You knew the following spells:

 Your Spells              Type           Power        Failure   Level  Hunger
a - Sting                 Conj/Pois      ##..         10%         1    #......


Dungeon Overview and Level Annotations

Branches:
Dungeon (2/15)

Altars:


Innate Abilities, Weirdness & Mutations

You cannot wear most types of armour.
You are very stealthy in the water. (Stealth+)
You are amphibious.
You can wear up to eight rings at the same time.
You can use your tentacles to constrict eight enemies at once.
Your skin changes colour to match your surroundings (Stealth+).
Your rubbery body absorbs attacks. (AC +1, EV +1)
You are resistant to electric shocks. (rElec)


Message History

Found a scroll labeled PIM UMPENABA and a smoky purple potion.
b - a smoky purple potion
f - a scroll labeled PIM UMPENABA A worm comes into view.
Found two daggers and 25 stones.
Found a scroll of identify.
A goblin comes into view. It is wielding a club.
Found 7 gold pieces.
Found a stone staircase leading up.
The helpless worm fails to defend itself.
You hit the worm. You grab the worm.
The worm is lightly wounded.
You constrict the worm, but do no damage.
The worm bites you!
You hit the worm.
The worm is lightly wounded.
You constrict the worm. The worm bites you!
You hit the worm.
The worm is heavily wounded.
You constrict the worm. The worm bites you!
You die...

### #.........##..>....)..#
..####.........##..........#
#..............########.####
#...##.........# #.#
#.#..#.........# #.##
#†##.########.##### #..# ..#
.# #......)# ##.# ### .#
#.......# #.# # .# #.....@.#
#.# # .# #......w# #.# #
#...(..... #.. #
....".....## ... #
..#......)## ... #
#...###..?# # ##< $...g #
.##..


You could see a worm and a goblin (sleeping).

Vanquished Creatures
  An adder (D:2)
  2 dart slugs (D:1)
  2 leopard geckos (D:1)
  2 giant cockroaches (D:1)
  4 goblins
  2 hobgoblins
  4 bats (D:1)
  3 frilled lizards (D:1)
  5 kobolds
  4 rats
29 creatures vanquished.

Notes
Turn   | Place    | Note
-------+----------+-------------------------------------------
     0 | D:1      | Kiturien the Octopode Venom Mage began the quest for the Orb.
     0 | D:1      | Reached XP level 1. HP: 11/11 MP: 3/3
   244 | D:1      | Reached skill level 5 in Poison Magic
   284 | D:1      | Reached XP level 2. HP: 11/17 MP: 5/5
   963 | D:1      | Reached XP level 3. HP: 21/21 MP: 6/6
  1127 | D:1      | Gained mutation: You are resistant to electric shocks. (rElec) [potion of beneficial mutation]
  1243 | D:2      | Slain by a worm

Skill      XL: |  1  2 |
---------------+-------+-----
Poison Magic   | 5 |  5.4
Stealth        | 3 |  3.7
Fighting       | |  0.4
Axes           | |  0.4
Dodging        | |  2.2
Spellcasting   | |  2.1

Action                   || total
-------------------------++-------
Melee: Unarmed           ||    21
       Constrict         ||    15
       Tentacles         ||     6
       Hand axe          ||    37
  Use: Scroll            ||     3
       Potion            ||     1
 Stab: Sleeping          ||    11
  Eat: Bread ration      ||     1
Armor: Skin              ||     4
Dodge: Dodged            ||    39
